 Dungeon Crawl Stone Soup version 0.13.0-18-g7b03ea5 (webtiles) character file.

610 Lilouch the Cudgeler (level 6, 0/38 HPs)
             Began as a Gargoyle Fighter on Oct 22, 2013.
             Killed by nerve-wracking pain
             ... invoked by Grinder
              (3 damage)
             ... on Level 4 of the Dungeon.
             The game lasted 00:08:07 (2830 turns).

Lilouch the Cudgeler (Gargoyle Fighter)             Turns: 2830, Time: 00:08:07

HP   0/38        AC 13     Str 20      XL: 6   Next: 96%
MP   5/5         EV  6     Int  9      God:
Gold 186         SH 18     Dex 10      Spells:  0 memorised,  5 levels left

Res.Fire  : . . .   See Invis. : .   a - +0 mace
Res.Cold  : . . .   Warding    : .   b - +0 scale mail
Life Prot.: + . .   Conserve   : .   c - +0 shield
Res.Poison: +       Res.Corr.  : .   (no helmet)
Res.Elec. : +       Clarity    : .   (no cloak)
Sust.Abil.: . .     Spirit.Shd : .   o - +0 pair of gloves
Res.Mut.  : .       Stasis     : .   (no boots)
Res.Rott. : +       Flight     : .   (no amulet)
Saprovore : . . .                    (no ring)
                                     (no ring)

@: slightly resistant to hostile enchantments, extremely unstealthy
A: fangs 1, talons 2, life protection 1, electricity resistance, slow metabolism
1, unbreathing, petrification resistance, AC +4
a: no special abilities


You were on level 4 of the Dungeon.
You were hungry.

You visited 1 branch of the dungeon, and saw 4 of its levels.

You collected 166 gold pieces.

Inventory:

Hand weapons
 a - a +0,+0 mace (weapon)
Armour
 b - a +0 scale mail (worn)
 c - a +0 shield (worn)
 o - a +0 pair of gloves (worn)
Magical devices
 n - a wand of slowing (7) {unknown}
 z - a wand of random effects (15) {unknown}
Comestibles
 d - 3 bread rations
 p - 2 meat rations
 t - a choko
 B - a rotting chunk of quokka flesh
Scrolls
 e - 2 scrolls of remove curse {unknown}
 g - a scroll of enchant weapon I {unknown}
 i - a scroll of fear {unknown}
 j - a scroll of amnesia {unknown}
 k - a scroll of blinking {unknown}
 l - 6 scrolls of teleportation {unknown}
 m - a scroll of enchant weapon II {unknown}
 q - a scroll of curse weapon {unknown}
 r - 2 scrolls of random uselessness {unknown}
 s - 2 scrolls of curse armour {unknown}
 w - a scroll of noise {unknown}
 x - a scroll of enchant armour {unknown}
 y - 2 scrolls of identify {unknown}
 A - a scroll of fog {unknown}
Jewellery
 v - an uncursed amulet of resist mutation {unknown}
Potions
 f - a potion of speed {unknown}
 h - 2 potions of curing {unknown}
 u - a potion of beneficial mutation {unknown}
 C - a potion of poison {unknown}
 D - a potion of resistance {unknown}


   Skills:
 - Level 3.2 Fighting
 * Level 6.7 Maces & Flails
 + Level 5.3 Armour
 - Level 3.2 Shields


You had 5 spell levels left.
You didn't know any spells.

Dungeon Overview and Level Annotations

Branches:
Dungeon (4/27)
 Temple: D:4-7

Altars:

Annotations:
D:4 Grinder


Innate Abilities, Weirdness & Mutations

You are resistant to torment.
You are immune to poison.
Your stone body is very resilient (AC +4).
You have very sharp teeth.
You have razor-sharp toenails.
You resist negative energy.
You are resistant to electric shocks.
You have a slow metabolism.
You can survive without breathing.
You are immune to petrification.


Message History

Grinder is moderately wounded.
Grinder hits you.
You completely miss Grinder.
Grinder is moderately wounded.
Grinder hits you.
You feel less confused. You block Grinder's attack.
You closely miss Grinder.
Grinder is moderately wounded.
Grinder gestures at you. Pain shoots through your body!
* * * LOW HITPOINT WARNING * * *
Grinder gestures at you. Pain shoots through your body!
* * * LOW HITPOINT WARNING * * *
Grinder gestures at you. You resist. Grinder gestures at you.
Pain shoots through your body!
You die...

####### ###### .....?..####
#....# ####
........'..######....# #...
........##.5..@.'....#######...
.?..... ########....##....'...
....... #....'..####... ....!..
#....#### #.<. ...... #....#
#... <.5.. ##+### #.). ....
##'# # #.. #####


You could see Grinder.

Vanquished Creatures
  An ogre (D:4)
  Sigmund (D:2)
  A giant frog (D:3)
  An orc priest (D:3)
  An orc wizard (D:2)
  Jessica (D:3)
  5 adders
  A worm (D:3)
  The ghost of 4tharraofdagon the Chopper, a weakling TrBe of Trog (D:3)
  3 giant geckos
  2 oozes
  4 orcs
  6 bats
  6 goblins
  5 hobgoblins
  6 jackals
  9 kobolds
  2 quokkas
  A giant newt (D:1)
  7 rats
64 creatures vanquished.

Notes
Turn   | Place    | Note
--------------------------------------------------------------
     0 | D:1      | Lilouch, the Gargoyle Fighter, began the quest for the Orb.
     0 | D:1      | Reached XP level 1. HP: 14/14 MP: 0/0
    59 | D:1      | Reached XP level 2. HP: 17/19 MP: 1/1
   711 | D:2      | Reached XP level 3. HP: 24/24 MP: 2/2
   947 | D:2      | Noticed Sigmund
   975 | D:2      | Killed Sigmund
   975 | D:2      | Reached skill level 4 in Maces & Flails
   975 | D:2      | Reached XP level 4. HP: 16/28 MP: 3/3
   975 | D:2      | Reached XP level 5. HP: 18/33 MP: 4/4
   985 | D:2      | Reached skill level 5 in Maces & Flails
  1607 | D:3      | Noticed Jessica
  1608 | D:3      | Noticed 4tharraofdagon's ghost (weakling TrBe)
  1622 | D:3      | Killed 4tharraofdagon's ghost
  1635 | D:3      | Killed Jessica
  1635 | D:3      | Reached XP level 6. HP: 10/38 MP: 5/5
  2234 | D:2      | Reached skill level 6 in Maces & Flails
  2361 | D:3      | Reached skill level 5 in Armour
  2787 | D:4      | Noticed Grinder
  2817 | D:4      | Paralysed by Grinder for 4 turns
  2830 | D:4      | Killed from afar by Grinder

Action                   |  1- 3 |  4- 6 || total
-------------------------+-------+-------++-------
Melee: Mace              |    78 |   167 ||   245
